TOP OF THE 1ST |
Chicago Machine batting - Pitching for Kalamazoo Royale with Cheese : RHP Miguel Angel Rodríguez
|
Pitching: RHP Miguel Angel Rodríguez
|
|
Batting: RHB Nick Harris
|
0-0: Ball 1-0: Called Strike 1-1: Reached on error, E4 (Groundball, 4)
|
Batting: RHB Pablo Sandoval
|
Pickoff Throw to First - Out! 0-0: Ball 1-0: Ball 2-0: Swinging Strike 2-1: Foul Ball, location: 2F 2-2: SINGLE (Groundball, 5) (infield hit)
|
Batting: RHB Doug Stephens
|
0-0: Ball Pablo Sandoval steals 2nd base 1-0: Foul Ball, location: 2F 1-1: Foul Ball, location: 2F 1-2: 2-RUN HOME RUN (Flyball, 78XD), Distance : 439 ft
|
Batting: SHB José Alomar
|
0-0: Ball 1-0: Ball 2-0: Ball 3-0: Called Strike 3-1: Foul Ball, location: 2F 3-2: Foul Ball, location: 2F 3-2: Foul Ball, location: 2F 3-2: Fly out, F7 (Flyball, 7S)
|
Batting: RHB Lorenzo Guzmán
|
0-0: Foul Ball, location: 2F 0-1: Ball 1-1: Ball 2-1: Called Strike 2-2: Foul Ball, location: 2F 2-2: Ball 3-2: Ground out 6-3 (Groundball, 6D)
|
Top of the 1st over - 2 run(s), 2 hit(s), 1 error(s), 0 left on base; Chicago 2 - Kalamazoo 0 |
BOTTOM OF THE 1ST |
Kalamazoo Royale with Cheese batting - Pitching for Chicago Machine : LHP Ricardo Guichardo
|
Pitching: LHP Ricardo Guichardo
|
|
Batting: SHB Caden Keith
|
0-0: Called Strike 0-1: Ball 1-1: Ground out 5-3 (Groundball, 56)
|
Batting: SHB Bob Noble
|
0-0: Ball 1-0: Ball 2-0: Ground out 6-3 (Groundball, 56)
|
Batting: LHB Donovan Bird
|
0-0: Called Strike 0-1: Swinging Strike 0-2: Foul Ball, location: 2F 0-2: Strikes out swinging
|
Bottom of the 1st over - 0 run(s), 0 hit(s), 0 error(s), 0 left on base; Chicago 2 - Kalamazoo 0 |
TOP OF THE 2ND |
Chicago Machine batting - Pitching for Kalamazoo Royale with Cheese : RHP Miguel Angel Rodríguez
|
Batting: RHB Roberto Tobías
|
0-0: Called Strike 0-1: Called Strike 0-2: Strikes out swinging
|
Batting: LHB Bernardo Montés
|
0-0: Fly out, F9 (Flyball, 9LS)
|
Batting: SHB Joaquín López
|
0-0: Ball 1-0: Swinging Strike 1-1: Ground out 3-1 (Groundball, 34)
|
Top of the 2nd over - 0 run(s), 0 hit(s), 0 error(s), 0 left on base; Chicago 2 - Kalamazoo 0 |
BOTTOM OF THE 2ND |
Kalamazoo Royale with Cheese batting - Pitching for Chicago Machine : LHP Ricardo Guichardo
|
Batting: RHB Andy Aiton
|
0-0: Ground out 5-3 (Groundball, 56)
|
Batting: RHB Miguel Encarnación
|
0-0: Ball 1-0: Swinging Strike 1-1: Ball 2-1: Fly out, F8 (Flyball, 8LD)
|
Batting: SHB Jack Fountain
|
0-0: Ball 1-0: Called Strike 1-1: Swinging Strike 1-2: Ball 2-2: SINGLE (Line Drive, 7S)
|
Batting: RHB Tae-kwon Kwon
|
0-0: Swinging Strike 0-1: Ball 1-1: Ball 2-1: Ball 3-1: Base on Balls Jack Fountain to second
|
Batting: RHB Carlos Carrillo
|
0-0: Called Strike 0-1: Called Strike 0-2: Strikes out swinging
|
Bottom of the 2nd over - 0 run(s), 1 hit(s), 0 error(s), 2 left on base; Chicago 2 - Kalamazoo 0 |
TOP OF THE 3RD |
Chicago Machine batting - Pitching for Kalamazoo Royale with Cheese : RHP Miguel Angel Rodríguez
|
Batting: RHB Gonzalo Gil
|
0-0: Called Strike 0-1: Ball 1-1: Ball 2-1: Swinging Strike 2-2: Foul Ball, location: 2F 2-2: Ball 3-2: SINGLE (Line Drive, 5D)
|
Batting: RHB Nick Harris
|
0-0: Foul Ball, location: 2F 0-1: Ball 1-1: Ball 2-1: Ball 3-1: Called Strike 3-2: Fly out, F7 (Flyball, 78D)
|
Batting: RHB Pablo Sandoval
|
0-0: Ball 1-0: Ball 2-0: Called Strike Gonzalo Gil steals 2nd base 2-1: Called Strike 2-2: Foul Ball, location: 2F 2-2: Strikes out swinging
|
Batting: RHB Doug Stephens
|
0-0: Ball 1-0: Ball 2-0: Foul Ball, location: 2F 2-1: Foul Ball, location: 2F 2-2: Ball 3-2: Fly out, F6 (Popup, 6D)
|
Top of the 3rd over - 0 run(s), 1 hit(s), 0 error(s), 1 left on base; Chicago 2 - Kalamazoo 0 |
BOTTOM OF THE 3RD |
Kalamazoo Royale with Cheese batting - Pitching for Chicago Machine : LHP Ricardo Guichardo
|
Batting: RHB Greg Handrahan
|
0-0: Called Strike 0-1: Bunt missed! 0-2: Ball 1-2: Strikes out swinging
|
Batting: SHB Caden Keith
|
0-0: Called Strike 0-1: Ball 1-1: Foul Ball, location: 2F 1-2: Foul Ball, location: 2F 1-2: SINGLE (Flyball, 9LS)
|
Batting: SHB Bob Noble
|
0-0: Called Strike 0-1: SINGLE (Groundball, 6MD) Caden Keith to second Runner from 2nd tries for 3rd, OUT! Bob Noble to second
|
Batting: LHB Donovan Bird
|
0-0: Called Strike 0-1: Called Strike 0-2: Strikes out looking
|
Bottom of the 3rd over - 0 run(s), 2 hit(s), 0 error(s), 1 left on base; Chicago 2 - Kalamazoo 0 |
TOP OF THE 4TH |
Chicago Machine batting - Pitching for Kalamazoo Royale with Cheese : RHP Miguel Angel Rodríguez
|
Batting: SHB José Alomar
|
0-0: Called Strike 0-1: SINGLE (Groundball, 4MD)
|
Batting: RHB Lorenzo Guzmán
|
0-0: Called Strike 0-1: Ball 1-1: Ball 2-1: Swinging Strike 2-2: Foul Ball, location: 2F 2-2: Ball 3-2: Foul Ball, location: 2F 3-2: Base on Balls José Alomar to second
|
Batting: RHB Roberto Tobías
|
0-0: Foul Ball, location: 2F 0-1: Ball 1-1: Foul Ball, location: 2F 1-2: Fly out, F8 (Flyball, 78M)
|
Batting: LHB Bernardo Montés
|
0-0: Fly out, F7 (Flyball, 7LMF)
|
Batting: SHB Joaquín López
|
0-0: Ground out U3 (Groundball, 3)
|
Top of the 4th over - 0 run(s), 1 hit(s), 0 error(s), 2 left on base; Chicago 2 - Kalamazoo 0 |
BOTTOM OF THE 4TH |
Kalamazoo Royale with Cheese batting - Pitching for Chicago Machine : LHP Ricardo Guichardo
|
Batting: RHB Andy Aiton
|
0-0: Called Strike 0-1: Ball 1-1: SINGLE (Line Drive, 56)
|
Batting: RHB Miguel Encarnación
|
0-0: Grounds into double play, 5-4-3 (Groundball, 56)
|
Batting: SHB Jack Fountain
|
0-0: Fly out, F4 (Popup, 3D)
|
Bottom of the 4th over - 0 run(s), 1 hit(s), 0 error(s), 0 left on base; Chicago 2 - Kalamazoo 0 |
TOP OF THE 5TH |
Chicago Machine batting - Pitching for Kalamazoo Royale with Cheese : RHP Miguel Angel Rodríguez
|
Pitching: RHP Gary Grimes
|
|
Batting: RHB Gonzalo Gil
|
0-0: Ball 1-0: Ball 2-0: SINGLE (Groundball, 6D)
|
Batting: RHB Nick Harris
|
0-0: Ball 1-0: Ball 2-0: Foul Ball, location: 2F 2-1: Ball 3-1: Swinging Strike 3-2: Fly out, F8 (Flyball, 8LM)
|
Batting: RHB Pablo Sandoval
|
0-0: Ball 1-0: Called Strike 1-1: Foul Ball, location: 2F 1-2: Ball 2-2: Fly out, F5 (Line Drive, 56) Lined into DP, 5-3 (Line Drive, 56)
|
Top of the 5th over - 0 run(s), 1 hit(s), 0 error(s), 0 left on base; Chicago 2 - Kalamazoo 0 |
BOTTOM OF THE 5TH |
Kalamazoo Royale with Cheese batting - Pitching for Chicago Machine : LHP Ricardo Guichardo
|
Pitching: RHP Horace Jacobs
|
|
Batting: RHB Tae-kwon Kwon
|
0-0: Called Strike 0-1: Swinging Strike 0-2: Ball 1-2: Foul Ball, location: 2F 1-2: Fly out, F7 (Flyball, 7S)
|
Batting: RHB Carlos Carrillo
|
0-0: Ball 1-0: Ground out 5-3 (Groundball, 56D)
|
Batting: RHB Greg Handrahan
|
0-0: Ball 1-0: Ball 2-0: Called Strike 2-1: Called Strike 2-2: SOLO HOME RUN (Flyball, 7D), Distance : 373 ft
|
Batting: SHB Caden Keith
|
0-0: Ball 1-0: Ground out 4-3 (Groundball, 4)
|
Bottom of the 5th over - 1 run(s), 1 hit(s), 0 error(s), 0 left on base; Chicago 2 - Kalamazoo 1 |
TOP OF THE 6TH |
Chicago Machine batting - Pitching for Kalamazoo Royale with Cheese : RHP Gary Grimes
|
Batting: RHB Doug Stephens
|
0-0: Called Strike 0-1: Ball 1-1: Swinging Strike 1-2: Strikes out swinging
|
Batting: SHB José Alomar
|
0-0: Ball 1-0: Ball 2-0: Foul Ball, location: 2F 2-1: Ball 3-1: Foul Ball, location: 2F 3-2: SINGLE (Line Drive, 3D)
|
Batting: RHB Lorenzo Guzmán
|
0-0: Ball 1-0: Foul Ball, location: 2F 1-1: Ball 2-1: Called Strike 2-2: Ball 3-2: Base on Balls José Alomar to second
|
Batting: RHB Roberto Tobías
|
0-0: Ball 1-0: Ball 2-0: Foul Ball, location: 2F 2-1: 3-RUN HOME RUN (Flyball, 78XD), Distance : 437 ft
|
Pitching: LHP Morgan McDormand
|
|
Batting: LHB Bernardo Montés
|
0-0: Called Strike 0-1: Ground out U3 (Groundball, 3S)
|
Batting: SHB Joaquín López
|
0-0: Called Strike 0-1: Called Strike 0-2: Ball 1-2: Foul Ball, location: 2F 1-2: Ball 2-2: Ball 3-2: Reached on error, E5 (Groundball, 5)
|
Batting: RHB Gonzalo Gil
|
0-0: Ball 1-0: Ball 2-0: Ground out 6-3 (Groundball, 6)
|
Top of the 6th over - 3 run(s), 2 hit(s), 1 error(s), 1 left on base; Chicago 5 - Kalamazoo 1 |
BOTTOM OF THE 6TH |
Kalamazoo Royale with Cheese batting - Pitching for Chicago Machine : RHP Horace Jacobs
|
Batting: SHB Bob Noble
|
0-0: Called Strike 0-1: Ball 1-1: Ball 2-1: Ground out U3 (Groundball, 3L)
|
Batting: LHB Donovan Bird
|
0-0: SINGLE (Groundball, 4S) (infield hit)
|
Batting: RHB Andy Aiton
|
0-0: Called Strike 0-1: Foul Ball, location: 2F 0-2: Ball 1-2: Foul Ball, location: 2F 1-2: Foul Ball, location: 2F 1-2: Strikes out swinging
|
Batting: RHB Miguel Encarnación
|
0-0: Swinging Strike 0-1: Ball 1-1: Ball 2-1: Ball 3-1: Called Strike 3-2: Fly out, F9 (Line Drive, 89D)
|
Bottom of the 6th over - 0 run(s), 1 hit(s), 0 error(s), 1 left on base; Chicago 5 - Kalamazoo 1 |
TOP OF THE 7TH |
Chicago Machine batting - Pitching for Kalamazoo Royale with Cheese : LHP Morgan McDormand
|
Pinch Hitting: RHB Alden Isenhood
|
0-0: Called Strike 0-1: SINGLE (Groundball, 34D)
|
Pinch Hitting: RHB Juan Vareas
|
0-0: Sac Bunt - play at first, batter OUT! 4-3 Alden Isenhood to second
|
Batting: RHB Doug Stephens
|
0-0: Foul Ball, location: 2F 0-1: Swinging Strike 0-2: SINGLE (Groundball, 56S) (infield hit) Alden Isenhood to third
|
Batting: RHB Arturo García
|
0-0: Ground out 5-3 (Groundball, 5S) Alden Isenhood scores Doug Stephens to second
|
Pinch Hitting: RHB Sam Wallace
|
0-0: Ground out 6-3 (Groundball, 6)
|
Top of the 7th over - 1 run(s), 2 hit(s), 0 error(s), 1 left on base; Chicago 6 - Kalamazoo 1 |
BOTTOM OF THE 7TH |
Kalamazoo Royale with Cheese batting - Pitching for Chicago Machine : RHP Horace Jacobs
|
Now at SS: Sam Wallace
|
|
Now in LF: Juan Vareas
|
|
Now in CF: Júlio Martínez
|
|
Now in RF: Lee Townsend
|
|
Batting: SHB Jack Fountain
|
0-0: Swinging Strike 0-1: Ball 1-1: Fly out, F9 (Flyball, 89D)
|
Batting: RHB Tae-kwon Kwon
|
0-0: Called Strike 0-1: Ball 1-1: Called Strike 1-2: Fly out, F9 (Line Drive, 9D)
|
Batting: RHB Carlos Carrillo
|
0-0: Called Strike 0-1: Swinging Strike 0-2: Ball 1-2: Ball 2-2: Fly out, F9 (Flyball, 9S)
|
Bottom of the 7th over - 0 run(s), 0 hit(s), 0 error(s), 0 left on base; Chicago 6 - Kalamazoo 1 |
TOP OF THE 8TH |
Chicago Machine batting - Pitching for Kalamazoo Royale with Cheese : LHP Morgan McDormand
|
Pinch Hitting: RHB Jesse McKnight
|
0-0: SOLO HOME RUN (Flyball, 7D), Distance : 392 ft
|
Batting: SHB Lee Townsend
|
0-0: Called Strike 0-1: Ball 1-1: Ball 2-1: Ground out 6-3 (Groundball, 6M)
|
Pinch Hitting: RHB Raúl Bauza
|
0-0: Ball 1-0: SINGLE (Groundball, 6MD)
|
Pinch Hitting: LHB Fernando Ortíz
|
0-0: Ball 1-0: Foul Ball, location: 2F 1-1: Swinging Strike 1-2: Fly out, F3 (Popup, 3L)
|
Batting: LHB Júlio Martínez
|
0-0: Called Strike Raúl Bauza steals 2nd base 0-1: Ball 1-1: Swinging Strike 1-2: Strikes out swinging
|
Top of the 8th over - 1 run(s), 2 hit(s), 0 error(s), 1 left on base; Chicago 7 - Kalamazoo 1 |
BOTTOM OF THE 8TH |
Kalamazoo Royale with Cheese batting - Pitching for Chicago Machine : RHP Horace Jacobs
|
Now at 1B: Jesse McKnight
|
|
Now at 2B: Raúl Bauza
|
|
Now at 3B: Edward Bartlett
|
|
Batting: RHB Greg Handrahan
|
0-0: Called Strike 0-1: Foul Ball, location: 2F 0-2: Foul Ball, location: 2F 0-2: Ball 1-2: Ball 2-2: Strikes out swinging
|
Pinch Hitting: LHB Tom Blake
|
0-0: Ground out 5-3 (Groundball, 5)
|
Pinch Hitting: LHB Doyle Otterburn
|
0-0: Called Strike 0-1: Foul Ball, location: 2F 0-2: Ball 1-2: Ball 2-2: Foul Ball, location: 2F 2-2: Foul Ball, location: 2F 2-2: Ground out 1-3 (Groundball, 13S)
|
Bottom of the 8th over - 0 run(s), 0 hit(s), 0 error(s), 0 left on base; Chicago 7 - Kalamazoo 1 |
TOP OF THE 9TH |
Chicago Machine batting - Pitching for Kalamazoo Royale with Cheese : LHP Morgan McDormand
|
Now at 1B: Doyle Otterburn
|
|
Now in RF: Tom Blake
|
|
Batting: RHB Juan Vareas
|
0-0: Called Strike 0-1: Ground out U3 (Groundball, 3S)
|
Pinch Hitting: RHB Will Lott
|
0-0: Called Strike 0-1: SINGLE (Groundball, 6MD)
|
Batting: RHB Arturo García
|
0-0: Ball 1-0: Grounds into double play, 5-4-3 (Groundball, 5)
|
Top of the 9th over - 0 run(s), 1 hit(s), 0 error(s), 0 left on base; Chicago 7 - Kalamazoo 1 |
|